 Dungeon Crawl Stone Soup version 0.20.0-10-g0535bb4 (webtiles) character file.

65 anfisbena the Ruffian (level 3, 0/37 HPs)
             Began as a Troll Fighter on June 3, 2017.
             Slain by Blork the orc
             ... wielding a +0 halberd
              (4 damage)
             ... on level 4 of the Dungeon.
             The game lasted 00:01:40 (1156 turns).

anfisbena the Ruffian (Troll Fighter)               Turns: 1156, Time: 00:01:41

Health: 0/37       AC:  5    Str: 24    XL:     3   Next: 94%
Magic:  2/2        EV:  6    Int:  0    God:
Gold:   108        SH: 14    Dex: 10    Spells: 2/2 levels left

rFire    . . .     SeeInvis .     - Unarmed
rCold    + . .     Gourm    +   o - +0 large shield of the Commoners {rPois rC+ Int-4} (curse)
rNeg     . . .     Faith    .   a - +0 robe
rPois    +         Spirit   .   (helmet restricted)
rElec    .         Reflect  .   (no cloak)
rCorr    .         Harm     .   (gloves unavailable)
MR       .....                  (boots unavailable)
Stlth    +.........             (no amulet)
Regen    0.6/turn               (no ring)
MPRegen  0.1/turn               (no ring)

@: slowed, lost intelligence, very slow
A: unfitting armour, claws 3, fast metabolism 3, gourmand, regeneration 1,
shaggy fur 1, tough skin 2
a: no special abilities


You were on level 4 of the Dungeon.
You were full.

You visited 1 branch of the dungeon, and saw 3 of its levels.

You collected 108 gold pieces.

Inventory:

Armour
 a - a +0 robe (worn)
 b - a +0 shield
 o - the cursed +0 large shield of the Commoners (worn) {rPois rC+ Int-4}
   (You found it on level 4 of the Dungeon)

   It affects your intelligence (-4).
   It protects you from cold.
   It protects you from poison.
   It has a curse placed upon it.
Wands
 n - a wand of iceblast (2/15)
Scrolls
 h - a scroll of enchant armour {unknown}
 l - 2 scrolls of identify {unknown}
 m - a scroll of teleportation {unknown}
 p - a scroll of magic mapping {unknown}
Potions
 c - a potion of might
 e - 2 potions of mutation {unknown}
 i - a potion of lignification {unknown}
 j - a potion of agility {unknown}
 k - 2 potions of haste {unknown}
Comestibles
 d - 2 bread rations
 f - 2 meat rations
 g - 4 fruits


   Skills:
 + Level 3.2 Fighting
 - Level 2.4 Dodging
 - Level 2.4 Shields
 + Level 3.4 Unarmed Combat


You had 2 spell levels left.
You didn't know any spells.

Dungeon Overview and Level Annotations

Branches:
Dungeon (2/15)

Altars:

Annotations:
D:4 Blork the orc


Innate Abilities, Weirdness & Mutations

You are too large for most types of armour.
You have claws for hands.
Your metabolism is lightning-fast.
You like to eat raw meat.
Your natural rate of healing is unusually fast.
You are covered in fur. (AC +1)
You have very tough skin. (AC +2)


Message History

Blork the orc is heavily wounded.
Blork the orc hits you with a halberd!
* * * LOW HITPOINT WARNING * * *
Blork the orc screams, "I'm much stronger than you!"
You block Blork the orc's attack.
You closely miss Blork the orc.
Blork the orc is heavily wounded.
Blork the orc miscasts a cantrip.
You block Blork the orc's attack.
You claw Blork the orc!
Blork the orc is severely wounded.
You block Blork the orc's attack.
You scratch Blork the orc.
Blork the orc is almost dead.
You block Blork the orc's attack.
Blork the orc hits you but does no damage.
You scratch Blork the orc.
Blork the orc is almost dead.
Blork the orc barely misses you. Blork the orc hits you with a halberd.
You die...

##........... #####
#............
#...##..# .......
#......# .......
##.....## #######
#.......## #
#........#
#........#
##..@o...#
###......###
##..#....## .#
##..##..### #
...#...##### ##
#......## ## #.
#..#....### ##...
##.
#.####....###......
#.. #..
###...........# #..


You could see Blork the orc.

Vanquished Creatures
  A worker ant (D:4)
  A hound skeleton (D:4)
  A dart slug (D:1)
  A leopard gecko (D:1)
  3 giant cockroaches
  3 goblins
  2 hobgoblins (D:1)
  4 jackals (D:1)
  A kobold (D:1)
  4 bats (D:1)
  2 frilled lizards
  4 rats (D:1)
27 creatures vanquished.

Notes
Turn   | Place    | Note
-------+----------+-------------------------------------------
     0 | D:1      | anfisbena the Troll Fighter began the quest for the Orb.
     0 | D:1      | Reached XP level 1. HP: 22/22 MP: 0/0
   127 | D:1      | Reached XP level 2. HP: 29/29 MP: 1/1
   813 | D:2      | Reached XP level 3. HP: 36/36 MP: 2/2
   909 | D:2      | You fall through a shaft for 2 floors!
  1078 | D:4      | Got a dazzling large shield
  1089 | D:4      | Identified the cursed +0 large shield of the Commoners {rPois rC+ Int-4} (You found it on level 4 of the Dungeon)
  1089 | D:4      | Lost intelligence.
  1141 | D:4      | Noticed Blork the orc
  1152 | D:4      | HP: 1/37 [Blork the orc/halberd (8)]
  1156 | D:4      | Slain by Blork the orc

Skill      XL: |  1  2  3 |
---------------+----------+-----
Unarmed Combat | 3 |  3.4
Fighting       | 3 |  3.2
Dodging        | |  2.4
Shields        | |  2.4

Action                   || total
-------------------------++-------
Melee: Unarmed           ||    78
  Eat: Chunk             ||    13
Armor: Robe              ||    31
Dodge: Dodged            ||    22
Block: Shield            ||    25
       Large shield      ||     8
